 Dungeon Crawl Stone Soup version 0.17-a0-1946-gfb768fe (webtiles) character file.

102 graki42 the Magician (level 4, -5/24 HPs)
             Began as a Deep Elf Fire Elementalist on Oct 1, 2015.
             Slain by Terence
             ... wielding a cursed +0 flail
              (6 damage)
             ... on level 2 of the Dungeon.
             The game lasted 00:05:51 (1287 turns).

graki42 the Magician (Deep Elf Fire Elementalist)   Turns: 1287, Time: 00:05:51

Health: -5/24      AC:  3    Str:  6    XL:     4   Next: 50%
Magic:  2/12       EV: 13    Int: 20    God:
Gold:   72         SH:  0    Dex: 15    Spells: 1 memorised, 11 levels left

rFire  . . .     SeeInvis .     (no weapon)
rCold  . . .     Clarity  .     a - +0 robe
rNeg   . . .     SustAt   .     (no shield)
rPois  +         Gourm    .     (no helmet)
rElec  .         Spirit   .     (no cloak)
rCorr  .         Warding  .     f - +0 pair of gloves
rMut   .         Stasis   .     (no boots)
MR     .....                    (no amulet)
Stlth  ++........               (no ring)
                                i - ring of poison resistance

@: not resistant to hostile enchantments, unstealthy
A: no striking features
a: no special abilities


You were on level 2 of the Dungeon.
You were not hungry.

You visited 1 branch of the dungeon, and saw 2 of its levels.

You collected 72 gold pieces.

Inventory:

Armour
 a - a +0 robe (worn)
 f - a +0 pair of gloves (worn)
Jewellery
 i - a ring of poison resistance (left hand)
Magical devices
 o - a wand of digging (14)
Scrolls
 d - a scroll of recharging {unknown}
 e - 3 scrolls of remove curse {unknown}
 h - a scroll of enchant weapon {unknown}
 k - a scroll of identify {unknown}
 m - a scroll of teleportation {unknown}
 n - a scroll of magic mapping {unknown}
 p - a scroll of enchant armour {unknown}
 u - a scroll of fog {unknown}
Potions
 g - a potion of lignification {unknown}
 l - a potion of degeneration {unknown}
 q - 2 potions of agility {unknown}
 s - a potion of magic {unknown}
 t - a potion of flight {unknown}
Books
 b - a book of Flames

   Spells                             Type                      Level
   a - Flame Tongue                   Conjuration/Fire             1
   b - Throw Flame                    Conjuration/Fire             2
   c - Conjure Flame                  Conjuration/Fire             3
   d - Inner Flame                    Hexes/Fire                   3
   e - Sticky Flame                   Conjuration/Fire             4
   f - Fireball                       Conjuration/Fire             5
Comestibles
 c - 2 bread rations
 j - a meat ration
 r - 3 chunks of flesh


   Skills:
 + Level 3.0 Dodging
 + Level 2.7 Stealth
 + Level 4.5 Spellcasting
 + Level 1.9 Conjurations
 + Level 4.3 Fire Magic


You had 11 spell levels left.
You knew the following spells:

 Your Spells              Type           Power        Failure   Level  Hunger
a - Flame Tongue          Conj/Fire      ###..        3%          1    None


Dungeon Overview and Level Annotations

Branches:
Dungeon (2/15)

Altars:
Fedhas

Annotations:
D:2 Ijyb, Terence


Message History

* * * LOW HITPOINT WARNING * * *
Ijyb hits you but does no damage.
Casting: Flame Tongue
Confirm with . or Enter, or press ? or * to list all spells.
Aiming: Flame Tongue
Press: ? - help, Shift-Dir - straight line, f/p - Ijyb
Aim: Ijyb, wielding a dagger (almost dead)
The flame tongue hits Ijyb.
Ijyb is almost dead.
Something completely misses you. Ijyb hits you with a dagger.
* * * LOW HITPOINT WARNING * * *
Casting: Flame Tongue
Confirm with . or Enter, or press ? or * to list all spells.
Aiming: Flame Tongue
Press: ? - help, Shift-Dir - straight line, f/p - Ijyb
Aim: Ijyb, wielding a dagger (almost dead)
The flame tongue hits Ijyb.
Ijyb appears unharmed.
Ijyb is almost dead.
Ijyb hits you but does no damage. Something hits you.
You die...

#. #. #######. ........ #####
#######. ...... ........
##############.....# #####+#.
.........#...g.....#.#.......
............@{.....#.#.......
..........?.(................
##########.........##..>........
................................
................................
###....##......................
#.....##......................
#.....##......$....♣.♣....<...
#.....##..........♣..♣♣.......


You could see Ijyb.

Vanquished Creatures
  Natasha (thrice) (D:2)
  2 adders (D:2)
  2 oozes
  A worm (D:2)
  2 giant geckos (D:1)
  2 ball pythons
  7 bats
  A giant cockroach (D:2)
  4 goblins
  3 hobgoblins
  3 giant newts
  5 kobolds
  8 rats
43 creatures vanquished.

Notes
Turn   | Place    | Note
--------------------------------------------------------------
     0 | D:1      | graki42 the Deep Elf Fire Elementalist began the quest for the Orb.
     0 | D:1      | Reached XP level 1. HP: 10/10 MP: 6/6
   206 | D:1      | Reached XP level 2. HP: 12/15 MP: 4/8
   844 | D:2      | Reached XP level 3. HP: 19/19 MP: 7/10
   873 | D:2      | Reached skill level 4 in Fire Magic
  1027 | D:2      | Noticed Natasha
  1032 | D:2      | Killed Natasha
  1032 | D:2      | Reached XP level 4. HP: 15/24 MP: 3/12
  1046 | D:2      | Noticed Natasha
  1047 | D:2      | Killed Natasha
  1206 | D:2      | Noticed Natasha
  1208 | D:2      | Killed Natasha
  1254 | D:2      | Found a blossoming altar of Fedhas.
  1274 | D:2      | Noticed Terence
  1278 | D:2      | Noticed Ijyb
  1286 | D:2      | HP: 1/24 [Ijyb/dagger (2)]
  1287 | D:2      | Slain by Terence

Vault maps used:
D:1:      kilobyte_arrival_exit_the_forest, minivault_26,
          hangedman_decor_growths, grunt_decor_cap,
          hangedman_abyss_or_decor_stabs, minmay_unequal
D:2:      serial_forest, infiniplex_forest_end_1, infiniplex_forest_clump_large,
          infiniplex_forest_lined_corner, infiniplex_forest_clump_diagonal,
          fedhas_altar_3, uniq_terence, uniq_iyjb, uniq_natasha

Action                   |  1- 3 |  4- 6 || total
-------------------------+-------+-------++-------
Melee: Unarmed           |     8 |       ||     8
 Cast: Flame Tongue      |    46 |    27 ||    73
  Eat: Chunk             |       |     1 ||     1
